 Dungeon Crawl Stone Soup version 0.19-a0-1254-gb9c29c0 (webtiles) character file.

288 MTVSty1e the Skirmisher (level 6, -9/51 HPs)
             Began as a Formicid Fighter on Aug 27, 2016.
             Mangled by an ogre
             ... wielding a +0 giant spiked club
              (20 damage)
             ... on level 4 of the Dungeon.
             The game lasted 00:05:41 (2811 turns).

MTVSty1e the Skirmisher (Formicid Fighter)          Turns: 2811, Time: 00:05:41

Health: -9/51      AC:  7    Str: 22    XL:     6   Next: 57%
Magic:  6/6        EV:  9    Int:  8    God:
Gold:   77         SH: 10    Dex: 10    Spells: 0 memorised, 5 levels left

rFire  . . .     SeeInvis +     a - +1 war axe
rCold  . . .     Gourm    .     b - +0 scale mail
rNeg   . . .     Faith    .     c - +0 shield
rPois  .         Spirit   .     (helmet unavailable)
rElec  .         Dismiss  .     (no cloak)
rCorr  .         Reflect  .     (no gloves)
MR     .....     Harm     .     (no boots)
Stlth  ..........               (no amulet)
                                (no ring)
                                (no ring)

@: no status effects
A: permanent stasis, dig shafts and tunnels, four strong arms, antennae 3
a: Dig, Shaft Self


You were on level 4 of the Dungeon.
You were not hungry.

You visited 1 branch of the dungeon, and saw 4 of its levels.

You collected 77 gold pieces.

Inventory:

Hand Weapons
 a - a +1 war axe (weapon)
Armour
 b - a +0 scale mail (worn)
 c - a +0 shield (worn)
Wands
 m - a wand of lightning (0/15)
 s - a wand of flame (10/48)
Scrolls
 g - a scroll of remove curse
 j - a scroll of enchant weapon
 k - a scroll of identify
 p - a scroll of teleportation {unknown}
 q - a scroll of recharging {unknown}
Potions
 e - 2 potions of brilliance
 h - a potion of flight {unknown}
 i - a potion of mutation {unknown}
 l - a potion of heal wounds {unknown}
 o - a potion of lignification
 r - a potion of haste {unknown}
Comestibles
 f - 2 bread rations
 n - 3 fruits


   Skills:
 * Level 5.1 Fighting
 + Level 3.0 Axes
 + Level 4.1 Armour
 + Level 2.0 Dodging
 + Level 4.8 Shields


You had 5 spell levels left.
You didn't know any spells.

Dungeon Overview and Level Annotations

Branches:
Dungeon (4/15)
 Temple: D:4-7

Altars:
Kikubaaqudgha
The Shining One


Innate Abilities, Weirdness & Mutations

You are under a permanent stasis effect.
You can dig through walls and to a lower floor.
Your four strong arms can wield two-handed weapons with a shield.
You have a pair of large antennae on your head. (SInv)


Message History

An ogre is nearby!
Okay, then.
Items here: )))) [[[ †† You slash the ogre!
The ogre is moderately wounded.
You block the ogre's attack.
You slash the ogre!
The ogre is severely wounded.
The ogre hits you with a giant spiked club!!
* * * LOW HITPOINT WARNING * * *
Okay, then.
Evoke which item? (* to show all) (? for menu, Esc to quit)
Zapping:
m - a wand of lightning {zapped: 3} (will waste charges)
Press: ? - help, Shift-Dir - straight line, f - ogre
Aim: an ogre, wielding a giant spiked club (severely wounded)
You hear a mighty clap of thunder!
The bolt of lightning misses the ogre.
Evoking this partially-identified wand wasted a few charges.
The ogre hits you with a giant spiked club!!
You die...

................# #.........
................###.........
##############..............
.....#..###.........
....#..# #......... {{
...#..# ######.##. ####
#..#..# #####.##. .....
#..#..# #.....##.
......#@)#..####.....##.
......>.O#.....+........
......#..'..####........
......#..#..####....####
..... #..#.............#
..... #..#..##########.#
.... #..#.......# #.... ####
#..#..####.# #.... ...#..#
#.# #....


You could see an ogre.

Vanquished Creatures
  An orc priest (D:4)
  A hound (D:4)
  2 orc wizards (D:4)
  Ijyb (D:2)
  A gnoll (D:1)
  2 adders (D:3)
  An ooze (D:3)
  2 worms
  2 dart slugs (D:1)
  14 orcs
  A ball python (D:1)
  A bat zombie (D:2)
  3 giant cockroaches
  12 goblins
  9 hobgoblins
  9 jackals
  12 kobolds
  5 bats
  2 giant newts
  5 rats
  2 rat zombies (D:2)
88 creatures vanquished.

Notes
Turn   | Place    | Note
-------+----------+-------------------------------------------
     0 | D:1      | MTVSty1e the Formicid Fighter began the quest for the Orb.
     0 | D:1      | Reached XP level 1. HP: 18/18 MP: 1/1
    18 | D:1      | Reached XP level 2. HP: 18/24 MP: 2/2
   138 | D:1      | Reached XP level 3. HP: 27/30 MP: 3/3
   840 | D:1      | Reached skill level 4 in Fighting
   984 | D:2      | Reached skill level 1 in Dodging
   984 | D:2      | Reached XP level 4. HP: 32/37 MP: 4/4
  1020 | D:2      | Noticed Ijyb
  1027 | D:2      | Killed Ijyb
  1432 | D:2      | Found an ancient bone altar of Kikubaaqudgha.
  1565 | D:3      | Reached XP level 5. HP: 42/42 MP: 5/5
  2044 | D:3      | Found a glowing golden altar of the Shining One.
  2590 | D:4      | Reached XP level 6. HP: 46/50 MP: 6/6
  2651 | D:4      | Reached skill level 5 in Fighting
  2806 | D:4      | Noticed an ogre
  2811 | D:4      | Mangled by an ogre

Vault maps used:
D:1:      onia_arrival_pentagram, minmay_crystal_room, minmay_unequal
D:2:      lemuel_zombie_altar_kikubaaqudgha, first_bread, uniq_iyjb
D:3:      nicolae_tso_carved_into_rock
D:4:      small_statue_intersection

Skill      XL: |  1  2  3  4  5  6 |
---------------+-------------------+-----
Shields        | 4 |  4.8
Fighting       | 4 5 |  5.1
Dodging        | 1 2 |  2.0
Armour         | 4 |  4.1
Axes           | 3 |  3.0

Action                   |  1- 3 |  4- 6 || total
-------------------------+-------+-------++-------
Melee: War axe           |    89 |   141 ||   230
Evoke: Wand              |       |     2 ||     2
  Use: Scroll            |       |     3 ||     3
       Potion            |       |     2 ||     2
  Eat: Bread ration      |       |     2 ||     2
       Beef jerky        |       |     1 ||     1
Armor: Scale mail        |    51 |    55 ||   106
       Skin              |       |     3 ||     3
Dodge: Dodged            |    37 |    57 ||    94
Block: Shield            |    66 |    72 ||   138
